 Dungeon Crawl Stone Soup version 0.18-a0-1805-g8ab820f (webtiles) character file.

60 UnknownArtist the Skirmisher (level 4, 0/40 HPs)
             Began as a Hill Orc Abyssal Knight on Apr 26, 2016.
             Was a Follower of Lugonu.
             Succumbed to an adder's poison
             ... on level 2 of the Dungeon.
             The game lasted 00:06:12 (1867 turns).

UnknownArtist the Skirmisher (HOAK)                 Turns: 1867, Time: 00:06:13

Health: 0/40       AC:  3    Str: 14 (15) XL:     4   Next: 4%
Magic:  5/5        EV: 11    Int: 11 (12) God:    Lugonu [*.....]
Gold:   93         SH:  0    Dex:  9 (10) Spells: 0 memorised, 3 levels left

rFire  . . .     SeeInvis .     e - scroll of identify
rCold  . . .     Gourm    .     b - +0 leather armour
rNeg   . . .     Faith    .     (no shield)
rPois  .         Spirit   .     (no helmet)
rElec  .         Dismiss  .     (no cloak)
rCorr  .         Reflect  .     (no gloves)
SustAt .         Harm     .     (no boots)
MR     .....                    m - amulet of rage
Stlth  +.........               (no ring)
                                (no ring)

@: lethally poisoned (0 -> -8), not resistant to hostile enchantments, very
unstealthy
A: no striking features
a: Depart the Abyss, Renounce Religion, Evoke Berserk Rage


You were on level 2 of the Dungeon.
You worshipped Lugonu.
Lugonu was aware of your devotion.
You were full.

You visited 1 branch of the dungeon, and saw 2 of its levels.
You visited the Abyss 1 time.

You collected 93 gold pieces.

Inventory:

Hand Weapons
 a - a +1 spear
 h - a +0 spear
Armour
 b - a +0 leather armour (worn)
Jewellery
 m - an amulet of rage (around neck)
Scrolls
 d - 2 scrolls of random uselessness {unknown}
 e - a scroll of identify (in hand)
 f - a scroll of teleportation {unknown}
 g - 2 scrolls of magic mapping {unknown}
 j - 2 scrolls of remove curse {unknown}
 k - a scroll of noise {unknown}
 l - a scroll of immolation {unknown}
Comestibles
 c - a bread ration


   Skills:
 + Level 4.3 Fighting
 + Level 2.3 Polearms
 + Level 2.9 Armour
 + Level 1.6 Dodging
 + Level 0.8 Stealth
 + Level 2.5 Invocations


You had 3 spell levels left.
You didn't know any spells.

Dungeon Overview and Level Annotations

Branches:
Dungeon (2/15)

Altars:


Message History

Really abort (and waste the scroll)? [Y]es or [N]o only, please.
Really abort (and waste the scroll)? [Y]es or [N]o only, please.
Really abort (and waste the scroll)? [Y]es or [N]o only, please.
Really abort (and waste the scroll)? [Y]es or [N]o only, please.
Really abort (and waste the scroll)? [Y]es or [N]o only, please.
Really abort (and waste the scroll)? [Y]es or [N]o only, please.
Really abort (and waste the scroll)?
Uppercase [Y]es or [N]o only, please.
Really abort (and waste the scroll)?
Okay, then.
* * * LOW HITPOINT WARNING * * *
You feel sick.
There is a lethal amount of poison in your body!
You die...

........+ ......+
........# #..##.#
.......)# #..##.#
........# #..##.#
........# #..##.#
........# #..##.#
..####### #...#.# ..#
#######..#.######## ..+
..........@........
..############...........
.........................
#.......#######..........
#.......# #..........
#.......# #..........
#.......# #..........
#.......# #..........
#.......# .........##


There were no monsters in sight!

Vanquished Creatures
  2 adders
  2 dart slugs (D:1)
  8 bats
  2 giant cockroaches
  5 goblins (D:1)
  4 hobgoblins (D:1)
  2 jackals (D:2)
  2 giant newts
  2 kobolds
  10 rats (D:1)
39 creatures vanquished.

Notes
Turn   | Place    | Note
--------------------------------------------------------------
     0 | Abyss:1  | UnknownArtist the Hill Orc Abyssal Knight began the quest for the Orb.
     0 | Abyss:1  | Reached XP level 1. HP: 19/19 MP: 2/2
    85 | Abyss:1  | Noticed a quasit
   105 | D:1      | Escaped the Abyss
   141 | D:1      | Reached * piety under Lugonu
   141 | D:1      | Reached skill level 1 in Dodging
   175 | D:1      | HP: 1/20 [rat (3)]
   508 | D:1      | Reached XP level 2. HP: 27/27 MP: 3/3
   716 | D:1      | Reached skill level 4 in Fighting
  1062 | D:1      | Reached XP level 3. HP: 29/33 MP: 4/4
  1497 | D:1      | HP: 1/33 [poisoned by an adder]
  1864 | D:2      | Reached XP level 4. HP: 3/40 MP: 5/5
  1864 | D:2      | HP: 2/40 [poisoned by an adder]
  1867 | D:2      | Succumbed to an adder's poison

Vault maps used:
D:1:      shiori_arrival_maze
D:2:      hex_tiny, st_stairs_4

Skill      XL: |  1  2 |
---------------+-------+-----
Dodging        | 1 |  1.6
Fighting       | 4 |  4.3
Polearms       | |  2.3
Armour         | |  2.9
Stealth        | |  0.8
Invocations    | |  2.5

Action                   |  1- 3 |  4- 6 || total
-------------------------+-------+-------++-------
Melee: Spear             |   163 |       ||   163
Invok: Depart the Abyss  |     1 |       ||     1
  Use: Potion            |     2 |       ||     2
       Scroll            |       |     1 ||     1
  Eat: Bread ration      |     2 |       ||     2
Armor: Leather armour    |    56 |       ||    56
Dodge: Dodged            |   144 |       ||   144
